 Dungeon Crawl Stone Soup version 0.23-a0-577-g2b1de94 (webtiles) character file.

24 Lanoc the Skirmisher (level 3, -1/23 HPs)
             Began as a Gargoyle Chaos Knight on Dec 15, 2018.
             Was a Plaything of Xom.
             Killed from afar by Sigmund (10 damage)
             ... with a puff of flame
             ... on level 2 of the Dungeon.
             The game lasted 00:01:03 (347 turns).

Lanoc the Skirmisher (Gargoyle Chaos Knight)         Turns: 347, Time: 00:01:04

Health: -1/23      AC:  8    Str: 16    XL:     3   Next: 2%
Magic:  3/3        EV: 11    Int: 12    God:    Xom [..*...]
Gold:   41         SH:  0    Dex:  9    Spells: 2/2 levels left

rFire    . . .     SeeInvis +   a - +0 mace (chaos)
rCold    . . .     Gourm    .   (no shield)
rNeg     + . .     Faith    .   b - +2 leather armour
rPois    ∞         Spirit   .   (no helmet)
rElec    +         Reflect  .   (no cloak)
rCorr    .         Harm     .   (no gloves)
MR       .....                  (no boots)
Stlth    ..........             g - amulet of regeneration
HPRegen  0.47/turn              f - ring of see invisible
MPRegen  0.08/turn              (no ring)

@: confused
A: negative energy resistance 1, electricity resistance, unbreathing,
petrification resistance, rot immunity, AC +3
a: Renounce Religion


You were on level 2 of the Dungeon.
You worshipped Xom.
You were a toy of Xom.
You were not hungry.

You visited 1 branch of the dungeon, and saw 2 of its levels.

You collected 41 gold pieces.

Inventory:

Hand Weapons
 a - a +0 mace of chaos (weapon)
Armour
 b - a +2 leather armour (worn)
Jewellery
 f - a ring of see invisible (left hand)
 g - an amulet of regeneration (around neck)
Scrolls
 e - a scroll of identify {unknown}
Potions
 d - a potion of might {unknown}
Comestibles
 c - 3 rations


   Skills:
 + Level 3.5 Fighting
 * Level 3.3 Maces & Flails
 * Level 2.8 Armour
 + Level 1.1 Dodging


You had 2 spell levels left.
You didn't know any spells.
Your spell library was empty.

Dungeon Overview and Level Annotations

Branches:
Dungeon (2/15)

Altars:

Annotations:
D:2 Sigmund


Innate Abilities, Weirdness & Mutations

You are resistant to torment.
Your stone body is resilient. (AC +3)
You are immune to poison.
You resist negative energy. (rN+)
You are resistant to electric shocks. (rElec)
You can survive without breathing.
You are immune to petrification.
You are immune to rotting.


Message History

Sigmund points at you and mumbles some strange words.
You are confused.
Sigmund points at you and mumbles some strange words.
The magic dart hits you! Sigmund closely misses you.
You bump into the rock wall.
Sigmund closely misses you.
Sigmund points at you and mumbles some strange words.
The magic dart hits you! Sigmund casts a spell at you.
You are more confused.
You bump into the rock wall.
Sigmund barely misses you.
You miss Sigmund.
Sigmund is almost dead.
Sigmund hits you with a +0 scythe.
You bump into the rock wall.
Sigmund hits you with a +0 scythe.
You bump into the rock wall.
Sigmund gestures at you while chanting. The puff of flame hits you!
You die...
Xom guffaws!

....# ... # ###.##[#
#......# ###......#
#w.......#
#w#.....## #@#.....#
#@###.### #.# .# ###
######.# .# ##.##
#...##.###.##
##.#.##
#............?
##.###.##
#...##.#.##### ..##
##.####.###.#.#
##.###.#.........#.#
##.#....#######...#


You could see Sigmund and 2 worms.

Vanquished Creatures
  2 adders (D:2)
  A worm (D:2)
  A bat (D:1)
  2 kobolds
6 creatures vanquished.

Notes
Turn   | Place    | Note
-------+----------+-------------------------------------------
     0 | D:1      | Lanoc the Gargoyle Chaos Knight began the quest for the
                  | Orb.
     0 | D:1      | Reached XP level 1. HP: 14/14 MP: 1/1
   253 | D:2      | Reached skill level 1 in Dodging
   253 | D:2      | Reached XP level 2. HP: 13/19 MP: 2/2
   292 | D:2      | Noticed Sigmund
   299 | D:2      | XOM: potion effect (curing)
   323 | D:2      | Reached XP level 3. HP: 17/23 MP: 3/3
   330 | D:2      | XOM: harmless Tmut miscast
   347 | D:2      | Killed from afar by Sigmund

Vault maps used:
D:1:      dpeg_arrival_boxorama, nemelex_xobeh_ov_fountains_minmay
D:2:      nicolae_overflow_hidden_temple, uniq_sigmund

Skill      XL: |  1 |
---------------+----+-----
Dodging        | 1 |  1.1
Fighting       | |  3.5
Maces & Flails | |  3.3
Armour         | |  2.8

Action                   || total
-------------------------++-------
Melee: Mace              ||    49
 Stab: Paralysed         ||     1
Armor: Leather armour    ||    23
Dodge: Dodged            ||    37

Table legend:
 A = Non-vault XP
 B = Vault XP
 C = Vault XP percentage of total XP
 D = Non-vault monster count
 E = Vault monster count
 F = Vault count percentage of total count
                 A         B        C        D         E       F
            +---------+---------+-------+---------+---------+-------
      Total |      35 |       0 |   0.0 |       6 |       0 |   0.0
            +---------+---------+-------+---------+---------+-------
        D:1 |       3 |       0 |   0.0 |       2 |       0 |   0.0
        D:2 |      32 |       0 |   0.0 |       4 |       0 |   0.0
            +---------+---------+-------+---------+---------+-------
